[Event "ICC Open 2015"]
[Site "Internet Chess Club"]
[Date "2015.05.30"]
[Round "3"]
[White "Piranha"]
[Black "raja2015"]
[Result "1-0"]
[ICCResult "Black forfeits on time"]
[WhiteElo "1702"]
[BlackElo "1458"]
[Opening "Caro-Kann: advance variation"]
[ECO "B12"]
[NIC "CK.02"]
[Time "19:21:32"]
[TimeControl "180+0"]

1. e4 c6 2. d4 d5 3. e5 e6 4. Nc3 Nd7 5. f4 c5 6. Nf3 cxd4 7. Nxd4 a6 8. Be3
Ne7 9. Bd3 Qc7 10. O-O Nc6 11. Kh1 Nxd4 12. Bxd4 Bc5 13. Ne2 Bxd4 14. Nxd4
Qd8 15. Qg4 g6 16. Nxe6 fxe6 17. Qxe6+ Qe7 18. Qxd5 Rb8 19. Rad1 b6 20. Bc4
b5 21. Bb3 Nb6 22. Qd4 Nc4 23. Bxc4 bxc4 24. Qxc4 Be6 25. Qxa6 O-O 26. b3
Ra8 27. Qd6 Qxd6 28. Rxd6 Bf5 29. Rc1 Rxa2 30. c4 Be4 31. Rg1 Rb2 32. Rb6
Bc2 33. b4 Bd3 34. c5 Rc8 35. h3 Be4 36. Kh2 Rd8 37. Rd6 Ra8 38. c6 Rxb4 39.
c7 Rba4 40. e6 Bb7 41. Rd7 Bc8 42. Rf7 Bxe6 43. Re7 Bf7 44. Rd1 Rc8 45. Rd8+
Rxd8 46. cxd8=Q+ Kg7 47. Qd7 Rxf4 48. Qd6 Rf6 49. Qe5 h6 50. Rd7 g5 51.
Rxf7+ Kxf7 52. Qc7+ Kg6 53. Qc3 {Black forfeits on time} 1-0

[Event "ICC Open 2015"]
[Site "Internet Chess Club"]
[Date "2015.05.30"]
[Round "3"]
[White "ShadowLike"]
[Black "dogbolter"]
[Result "1-0"]
[ICCResult "Black forfeits on time"]
[WhiteElo "2189"]
[BlackElo "1862"]
[Opening "French defense"]
[ECO "C01"]
[NIC "FR.01"]
[Time "19:21:35"]
[TimeControl "180+0"]

1. e4 e6 2. d4 d5 3. c4 dxe4 4. f3 b6 5. Nc3 Bb4 6. Qa4+ Nc6 7. Qxc6+ Bd7 8.
Qxe4 Nf6 9. Qc2 c5 10. Be3 O-O 11. O-O-O Qe8 12. Bd3 cxd4 13. Bxd4 e5 14.
Bf2 b5 15. c5 Be6 16. Ne4 Nd5 17. Kb1 Nf4 18. Nd6 Qc6 19. Bxh7+ Kh8 20. Be4
Qa6 21. a3 Rad8 22. Bb7 Qa5 23. Nh3 Rd7 24. Nxf4 exf4 25. Bd5 Bxa3 26. bxa3
b4 27. Bxe6 fxe6 28. Nc4 Qb5 29. Rxd7 bxa3+ 30. Kc1 Qxd7 31. Nxa3 Qd5 32.
Nc4 Rb8 33. Rd1 Qg5 34. g4 fxg3+ 35. Be3 Qf6 36. hxg3 Qa1+ 37. Kd2 Qa3 38.
Ke2 {Black forfeits on time} 1-0

[Event "ICC Open 2015"]
[Site "Internet Chess Club"]
[Date "2015.05.30"]
[Round "3"]
[White "Poporovitch"]
[Black "slothchess"]
[Result "1-0"]
[ICCResult "Black checkmated"]
[WhiteElo "2034"]
[BlackElo "1794"]
[Opening "Sicilian: closed, 2...Nc6"]
[ECO "B23"]
[NIC "SI.44"]
[Time "19:21:49"]
[TimeControl "180+0"]

1. e4 c5 2. Nc3 Nc6 3. Bb5 e6 4. Bxc6 dxc6 5. f4 Nf6 6. Nf3 Be7 7. O-O O-O
8. d3 b5 9. b3 a5 10. a4 b4 11. Ne2 Qc7 12. Bb2 Nd7 13. Qd2 Bf6 14. e5 Be7
15. Qe3 Nb6 16. Nd2 Nd5 17. Qf2 Ba6 18. Ne4 Qa7 19. N2g3 Rad8 20. Rae1 Ra8
21. f5 Bh4 22. Kh1 g6 23. f6 h6 24. Nd6 Kh7 25. Re4 Bxg3 26. Qxg3 Rh8 27.
Rh4 Kg8 28. Rg4 Kh7 29. Bc1 c4 30. dxc4 Nc7 31. Nxf7 Nb5 32. Rxg6 Qxf7 33.
Rg7+ Qxg7 34. Qxg7# {Black checkmated} 1-0

[Event "ICC Open 2015"]
[Site "Internet Chess Club"]
[Date "2015.05.30"]
[Round "3"]
[White "TheLlamaLord"]
[Black "blackmiura"]
[Result "1-0"]
[ICCResult "Black forfeits on time"]
[WhiteElo "1583"]
[BlackElo "1796"]
[Opening "Budapest: Rubinstein variation"]
[ECO "A52"]
[NIC "QG.01"]
[Time "19:21:22"]
[TimeControl "180+0"]

1. d4 Nf6 2. c4 e5 3. dxe5 Ng4 4. Bf4 Nc6 5. Nf3 Bb4+ 6. Nbd2 Qe7 7. a3
Ngxe5 8. Nxe5 Nxe5 9. Bxe5 Bxd2+ 10. Qxd2 Qxe5 11. e3 O-O 12. Bd3 d6 13. O-O
Bf5 14. Bxf5 Qxf5 15. b4 Rfe8 16. Qd5 Qxd5 17. cxd5 a5 18. b5 Re5 19. Rfd1
b6 20. Rac1 Rc8 21. Rc6 Kf8 22. Rd4 Ke8 23. Kf1 Kd7 24. Ke2 f5 25. f3 g5 26.
e4 fxe4 27. fxe4 Rce8 28. Ke3 R8e7 29. Rdc4 Kd8 30. h3 Rf7 31. g4 Ree7 32.
Rc1 Rf4 33. R6c4 Ref7 34. Kd4 Rf3 35. R1c3 Rxc3 36. Rxc3 Rf1 37. e5 Rd1+ 38.
Ke4 Re1+ 39. Kf5 Rxe5+ 40. Kf6 Rxd5 41. Kg7 Rxb5 42. Kxh7 Rc5 43. Re3 d5 44.
Kg6 d4 45. Rd3 Rd5 46. Kf6 Kd7 47. a4 c5 48. h4 gxh4 49. g5 c4 50. Rd1 Ke8
51. g6 Kf8 52. g7+ Kg8 53. Re1 Rd6+ 54. Ke5 Rg6 55. Kxd4 Rg4+ 56. Kd5 Rxg7
57. Rh1 c3 58. Kd4 c2 59. Kd3 Rc7 60. Kd2 Rc4 61. Kc1 Kf7 62. Rh2 Kg6 63.
Rg2+ Kh5 64. Rf2 h3 65. Rd2 Kg4 66. Re2 Kg3 67. Re3+ Kg2 68. Re2+ Kf3 69.
Rh2 Kg3 70. Rd2 h2 71. Rd3+ {Black forfeits on time} 1-0

[Event "ICC Open 2015"]
[Site "Internet Chess Club"]
[Date "2015.05.30"]
[Round "3"]
[White "NachoAverageKid"]
[Black "Neurisdr"]
[Result "0-1"]
[ICCResult "White resigns"]
[WhiteElo "2197"]
[BlackElo "2875"]
[Opening "Sicilian: closed, 2...Nc6"]
[ECO "B23"]
[NIC "SI.44"]
[Time "19:21:57"]
[TimeControl "180+0"]

1. e4 c5 2. Nc3 Nc6 3. Bb5 Nd4 4. Bc4 e6 5. Nf3 Nf6 6. e5 d5 7. Be2 Nd7 8.
O-O Nxf3+ 9. Bxf3 Nxe5 10. Re1 Nxf3+ 11. Qxf3 Be7 12. d3 O-O 13. Bf4 Bd7 14.
Qg3 Bc6 15. Be5 f6 16. Bf4 Qd7 17. Re2 e5 18. Bd2 d4 19. Ne4 f5 20. Ng5 Bd6
21. f4 exf4 22. Bxf4 Bxf4 23. Qxf4 Bd5 24. Rae1 Rfe8 25. Nf3 Bxf3 26. Qxf3
h6 27. h3 Rxe2 28. Rxe2 Rf8 29. Re5 b6 30. Qe2 Rf7 31. Re8+ Kh7 32. Qe5 f4
33. Qb8 Qf5 34. Rh8+ Kg6 35. Qe8 f3 36. gxf3 Qxf3 37. Rf8 Qg3+ 38. Kh1 Qxh3+
39. Kg1 Qf1+ 40. Kh2 Qf5 41. Kg3 h5 42. Kh2 h4 43. Rxf7 Qxf7 44. Qe4+ Kh5
45. Qh7+ Kg4 46. Kg1 h3 47. Qe4+ Qf4 48. Qg6+ Qg5 49. Qe6+ Kf3+ 50. Kf1 Qg2+
51. Ke1 Qf2+ 52. Kd1 Qg1+ 53. Kd2 Qe3+ 54. Qxe3+ dxe3+ {White resigns} 0-1

[Event "ICC Open 2015"]
[Site "Internet Chess Club"]
[Date "2015.05.30"]
[Round "3"]
[White "fviana"]
[Black "AntiKiller"]
[Result "0-1"]
[ICCResult "White forfeits on time"]
[WhiteElo "2348"]
[BlackElo "2825"]
[Opening "Alekhine's defense: Balogh variation"]
[ECO "B03"]
[NIC "AL.09"]
[Time "19:21:36"]
[TimeControl "180+0"]

1. e4 Nf6 2. e5 Nd5 3. d4 d6 4. Bc4 Nb6 5. Bb3 dxe5 6. Qh5 e6 7. dxe5 Be7 8.
Nf3 c5 9. c3 Qc7 10. O-O Nc6 11. Re1 g6 12. Qg4 h5 13. Qe4 Bd7 14. Na3 a6
15. Nc2 Bf8 16. Ne3 Bg7 17. Nc4 O-O 18. Bf4 Nxc4 19. Bxc4 Ne7 20. Rad1 Bc6
21. Qe2 Rad8 22. Bg5 Rxd1 23. Rxd1 Rd8 24. Re1 Rd7 25. Bf6 Nd5 26. Bxg7 Kxg7
27. g3 b5 28. Bb3 c4 29. Bc2 Ne7 30. Ng5 Bb7 31. f4 Qc6 32. Be4 Qb6+ 33. Qf2
Qxf2+ 34. Kxf2 Bxe4 35. Nxe4 Nd5 36. Rd1 Ra7 37. a3 Rb7 38. Nd6 Rd7 39. Kf3
Kf8 40. h3 Nb6 41. Rd2 Na4 42. g4 hxg4+ 43. hxg4 Nc5 44. Rh2 Ke7 45. Rh8 Rd8
46. Rxd8 Kxd8 47. Nxf7+ Ke7 48. Nh8 Na4 49. Nxg6+ Kf7 50. f5 Nxb2 51. Nf4
exf5 52. gxf5 Nd1 53. Kg4 Nxc3 54. Kg5 Ne4+ 55. Kh6 Ng3 56. Kg5 Ne4+ 57. Kg4
c3 58. e6+ Kf6 59. Nh5+ Ke7 60. Kf4 Nd6 61. Ke5 c2 62. f6+ Kd8 63. Kxd6 c1=Q
64. e7+ Kc8 65. f7 Kb7 {White forfeits on time} 0-1

[Event "ICC Open 2015"]
[Site "Internet Chess Club"]
[Date "2015.05.30"]
[Round "3"]
[White "SCORPION83"]
[Black "MarzipanCat"]
[Result "0-1"]
[ICCResult "White forfeits on time"]
[WhiteElo "2997"]
[BlackElo "2221"]
[Opening "QGD Slav: exchange variation"]
[ECO "D13"]
[NIC "SL.02"]
[Time "19:21:41"]
[TimeControl "180+0"]

1. d4 d5 2. c4 c6 3. cxd5 cxd5 4. Nf3 Nf6 5. Nc3 Nc6 6. Bf4 Nh5 7. Bg5 h6 8.
Bd2 e6 9. e3 Bd6 10. Ne5 g6 11. f4 Bxe5 12. dxe5 Qh4+ 13. Ke2 Ng3+ 14. hxg3
Qxh1 15. Kf2 h5 16. Qf3 h4 17. g4 h3 18. gxh3 Qxf3+ 19. Kxf3 a6 20. Na4 Bd7
21. Nb6 Rd8 22. Rc1 d4 23. e4 g5 24. Kg3 Kf8 25. Nc4 Kg7 26. f5 exf5 27.
exf5 Rde8 28. Re1 f6 29. e6 Bc8 30. Nd6 Re7 31. Rc1 Rd8 32. Nxc8 Rxc8 33.
Bg2 Rec7 34. Kf2 Ne5 35. Rxc7+ Rxc7 36. Ke2 Kf8 37. Bd5 Ke8 38. Bb4 Rc2+ 39.
Kd1 Rxb2 40. Bd6 Rb5 41. Bb3 Nc6 42. Kd2 Rb6 43. Bc5 Rb5 44. Ba3 Re5 45. Bb2
Ke7 46. Kd3 b5 47. Ba3+ b4 48. Bb2 Kd6 49. Bxd4 Nxd4 50. Kxd4 Re1 51. h4
gxh4 52. g5 fxg5 53. f6 h3 54. f7 Rf1 55. Kc4 Rf4+ 56. Kd3 h2 57. Ke3 h1=Q
58. Ke2 Qe4+ {White forfeits on time} 0-1

[Event "ICC Open 2015"]
[Site "Internet Chess Club"]
[Date "2015.05.30"]
[Round "3"]
[White "unkavalo"]
[Black "VerdeNotte"]
[Result "1-0"]
[ICCResult "Black checkmated"]
[WhiteElo "2548"]
[BlackElo "2868"]
[Opening "English opening"]
[ECO "A10"]
[NIC "EO.13"]
[Time "19:20:49"]
[TimeControl "180+0"]

1. c4 g6 2. g3 Bg7 3. Bg2 d6 4. Nf3 Nf6 5. Nc3 O-O 6. O-O Nc6 7. d3 e5 8.
Rb1 a5 9. a3 h6 10. b4 axb4 11. axb4 Be6 12. b5 Ne7 13. e4 Nd7 14. Nd5 c6
15. Nxe7+ Qxe7 16. bxc6 bxc6 17. Rb7 Rfb8 18. Qb3 f5 19. Nh4 Qe8 20. exf5
Nc5 21. Rxb8 Rxb8 22. Qxb8 Qxb8 23. fxe6 Qe8 24. Be3 Nxe6 25. Rb1 Nd4 26.
Bxd4 exd4 27. Be4 g5 28. Nf5 Bf8 29. Rb7 Qc8 30. Rb6 d5 31. cxd5 cxd5 32.
Bxd5+ Kh8 33. Be4 g4 34. Rb7 Qd8 35. Kg2 Kg8 36. Ra7 Kh8 37. Nh4 Bg7 38. Ra8
Qxa8 39. Bxa8 h5 40. Bc6 Kh7 41. Be8 Bf6 42. Bxh5 Kh6 43. Bxg4 Kg5 44. h3
Kh6 45. f4 Bd8 46. Kf3 Kh7 47. Nf5 Bb6 48. Ke4 Ba5 49. Nxd4 Be1 50. Ne2 Kg7
51. d4 Kf6 52. d5 Bb4 53. h4 Kg6 54. h5+ Kf6 55. Nd4 Kg7 56. Nf5+ Kf6 57. d6
Ba5 58. Kd5 Be1 59. d7 Ba5 60. Kc6 Ke6 61. h6 Bd8 62. h7 Bf6 63. h8=Q Bxh8
64. d8=Q Kf7 65. Nd6+ Kg7 66. Qg5+ Kf8 67. Qh6+ Bg7 68. Qg6 Ke7 69. Qf7+ Kd8
70. Qd7# {Black checkmated} 1-0

[Event "ICC Open 2015"]
[Site "Internet Chess Club"]
[Date "2015.05.30"]
[Round "3"]
[White "krankenstein"]
[Black "Gruble"]
[Result "0-1"]
[ICCResult "White checkmated"]
[WhiteElo "1131"]
[BlackElo "1798"]
[Opening "Queen's pawn game"]
[ECO "A45"]
[NIC "QP.07"]
[Time "19:23:13"]
[TimeControl "180+0"]

1. d4 Nf6 2. h3 c5 3. Nf3 cxd4 4. Qxd4 Nc6 5. Qd1 g6 6. Nc3 Bg7 7. e4 d6 8.
Bd3 O-O 9. Bd2 Qb6 10. b3 Nh5 11. Be2 Nd4 12. Nxd4 Bxd4 13. O-O Ng3 14. Be3
Bxe3 15. fxe3 Qxe3+ 16. Kh2 Nxf1+ 17. Qxf1 Qxc3 18. Bc4 Qe5+ 19. Kg1 Be6 20.
Bd3 d5 21. Re1 Qd4+ 22. Kh1 Rad8 23. e5 Qh4 24. Kh2 d4 25. Be4 Bd5 26. g3
Qg5 27. Bxd5 Rxd5 28. h4 Qg4 29. Qg2 Rfd8 30. Re4 Qf5 31. g4 Qe6 32. h5 Rxe5
33. Rxe5 Qxe5+ 34. Kh3 d3 35. cxd3 Rxd3+ 36. Kh4 g5# {White checkmated} 0-1

[Event "ICC Open 2015"]
[Site "Internet Chess Club"]
[Date "2015.05.30"]
[Round "3"]
[White "shredded"]
[Black "N-Chadaev"]
[Result "0-1"]
[ICCResult "White resigns"]
[WhiteElo "2701"]
[BlackElo "3307"]
[Opening "King's Indian: Sämisch, Panno main line"]
[ECO "E84"]
[NIC "KI.35"]
[Time "19:21:36"]
[TimeControl "180+0"]

1. d4 Nf6 2. c4 g6 3. Nc3 Bg7 4. e4 O-O 5. Be3 d6 6. f3 Nc6 7. Nge2 a6 8.
Qd2 Rb8 9. Rc1 Bd7 10. Nd1 e5 11. d5 Ne7 12. c5 Ne8 13. Nf2 f5 14. g3 Nf6
15. Bg2 b6 16. c6 Bc8 17. O-O Qe8 18. b4 Qf7 19. Bg5 Kh8 20. Bh6 Neg8 21.
Bxg7+ Qxg7 22. a4 Ra8 23. a5 b5 24. Rce1 g5 25. exf5 Bxf5 26. Nc3 h6 27.
Nce4 Ne7 28. Nxf6 Rxf6 29. Ne4 Rff8 30. Nc3 Ng6 31. Rf2 Rf7 32. Qe3 Ne7 33.
Bf1 Bg6 34. Bd3 Nf5 35. Bxf5 Bxf5 36. Kg2 Qf6 37. Ref1 Qe7 38. Ne4 Kh7 39.
Rh1 Rg7 40. g4 Bg6 41. Ng3 Rf7 42. Rhf1 Rf4 43. Ne4 Qf7 44. h3 Rf8 45. Qe2
Qxd5 46. Ng3 Bd3 47. Qd2 Bxf1+ 48. Nxf1 Qxd2 49. Nxd2 Rxb4 50. Ne4 Rxe4 51.
fxe4 Rxf2+ 52. Kxf2 Kg6 53. Ke3 Kf6 54. Kd3 Ke6 55. Kc3 d5 56. exd5+ Kxd5
{White resigns}
0-1

[Event "ICC Open 2015"]
[Site "Internet Chess Club"]
[Date "2015.05.30"]
[Round "3"]
[White "EGK"]
[Black "grancaruso"]
[Result "1-0"]
[ICCResult "Black forfeits on time"]
[WhiteElo "2104"]
[BlackElo "1818"]
[Opening "Queen's pawn: Torre attack"]
[ECO "A46"]
[NIC "QP.04"]
[Time "19:21:59"]
[TimeControl "180+0"]

1. d4 Nf6 2. Nf3 e6 3. Bg5 h6 4. Bh4 c5 5. e3 cxd4 6. exd4 Be7 7. Bd3 d6 8.
O-O b6 9. Nbd2 Bb7 10. Re1 O-O 11. c3 Nbd7 12. Qe2 Re8 13. Nc4 Nf8 14. h3
Nh5 15. Bxe7 Rxe7 16. Bc2 Nf4 17. Qe3 Nd5 18. Qd2 Nf6 19. Re3 Rc8 20. Bd3
Rec7 21. Na3 Ne4 22. Bxe4 d5 23. Bd3 a6 24. Rae1 Nd7 25. Ne5 Nxe5 26. Rxe5
b5 27. Nc2 Qh4 28. Qe3 Bc6 29. Qg3 Qd8 30. Ne3 a5 31. Ng4 Be8 32. Nxh6+ Kf8
33. Ng4 b4 34. Rh5 bxc3 35. Rh8+ Ke7 36. bxc3 Rxc3 37. Qh4+ f6 38. Bf5 Bf7
39. Ne5 Qxh8 40. Qxh8 Rxh8 41. Nxf7 Kxf7 42. Bxe6+ Kg6 43. Bxd5 Rd8 44. Be4+
f5 45. Bb1 Rxd4 46. g4 Rdc4 47. Bxf5+ Kg5 48. Kg2 Kf4 49. Re8 Ra3 50. Rf8
Ke5 51. Bd3 Rcc3 52. Rf5+ Kd6 53. Bb1 {Black forfeits on time} 1-0

[Event "ICC Open 2015"]
[Site "Internet Chess Club"]
[Date "2015.05.30"]
[Round "3"]
[White "alico"]
[Black "Mormegil"]
[Result "0-1"]
[ICCResult "White forfeits on time"]
[WhiteElo "1333"]
[BlackElo "1712"]
[Opening "Ruy Lopez: closed, Bogolyubov variation"]
[ECO "C91"]
[NIC "RL.20"]
[Time "19:22:37"]
[TimeControl "180+0"]

1. e4 e5 2. Nf3 Nc6 3. Bb5 a6 4. Ba4 Nf6 5. O-O Be7 6. Re1 b5 7. Bb3 d6 8.
c3 O-O 9. d4 Bg4 10. dxe5 Nxe5 11. Nbd2 Qd7 12. Re3 Rfe8 13. Qc2 Bf8 14.
Nxe5 Rxe5 15. f3 Be6 16. Bxe6 Rxe6 17. Nb3 d5 18. exd5 Nxd5 19. Rxe6 Qxe6
20. Bd2 Re8 21. Qd3 c5 22. Nxc5 Bxc5+ 23. Kf1 Ne3+ 24. Bxe3 Qxe3 25. Qxe3
Rxe3 26. Rd1 Re8 27. Rd5 Bf8 28. Rd7 g6 29. Ra7 Re6 30. b3 h5 31. Rc7 Kg7
32. c4 bxc4 33. bxc4 Bb4 34. c5 a5 35. Ra7 Rc6 36. a3 Bxa3 37. Rxa5 Bxc5 38.
Ke2 Kf6 39. Kd3 Bd6 40. Ke4 Bxh2 41. f4 Rc4+ 42. Kf3 Rxf4+ 43. Ke3 Rf5 44.
Ra6+ Kg5 45. Ra4 Rf4 46. Ra5+ Rf5 47. Ra4 h4 48. g4 Re5+ 49. Kf3 Bg3
{White forfeits on time}
0-1

[Event "ICC Open 2015"]
[Site "Internet Chess Club"]
[Date "2015.05.30"]
[Round "3"]
[White "BehindBluEyes"]
[Black "geographywhiz"]
[Result "0-1"]
[ICCResult "White resigns"]
[WhiteElo "2277"]
[BlackElo "1963"]
[Opening "Scotch: Göring gambit, Bardeleben variation"]
[ECO "C21"]
[NIC "KP.04"]
[Time "19:22:33"]
[TimeControl "180+0"]

1. e4 e5 2. d4 exd4 3. c3 dxc3 4. Nxc3 Nc6 5. Bc4 Bb4 6. Nf3 Nf6 7. O-O O-O
8. Bg5 Bxc3 9. bxc3 h6 10. Bh4 d6 11. h3 Ne5 12. Bb3 Be6 13. Nd4 Bxb3 14.
axb3 g5 15. Bg3 Nxe4 16. Qh5 Qf6 17. Bh2 Nxc3 18. Rac1 Nd5 19. Rfe1 Nd3 20.
Qg4 Qxf2+ 21. Kh1 Nxe1 22. Nf5 Qf1+ 23. Bg1 Qxg2+ 24. Qxg2 Nxg2 25. Kxg2
Nf4+ 26. Kf3 Rfe8 27. Nxh6+ Kh7 28. Nxf7 Ne2 29. Rf1 Nxg1+ 30. Rxg1 Rf8 31.
Rxg5 Rxf7+ 32. Ke2 Re8+ 33. Kd2 Ref8 34. Rh5+ Kg6 35. Ra5 Rf2+ 36. Kc3 R8f3+
37. Kb4 Rxh3 38. Rxa7 Rf4+ 39. Ka3 Rff3 40. Ra8 Rxb3+ 41. Ka2 Ra3+ 42. Rxa3
Rxa3+ 43. Kxa3 Kf6 44. Kb3 Ke6 45. Kc4 b6 46. Kb5 Kd5 47. Kb4 c5+ 48. Kc3 b5
49. Kb3 b4 50. Kc2 Kd4 51. Kb2 c4 {White resigns} 0-1

[Event "ICC Open 2015"]
[Site "Internet Chess Club"]
[Date "2015.05.30"]
[Round "3"]
[White "CapitalG"]
[Black "alric"]
[Result "1-0"]
[ICCResult "Black forfeits on time"]
[WhiteElo "2717"]
[BlackElo "2044"]
[Opening "Ruy Lopez: fianchetto (Smyslov/Barnes) defense"]
[ECO "C60"]
[NIC "RL.03"]
[Time "19:22:38"]
[TimeControl "180+0"]

1. e4 e5 2. Nf3 Nc6 3. Bb5 g6 4. O-O d6 5. c3 Bd7 6. d4 Bg7 7. d5 Nce7 8.
Bxd7+ Qxd7 9. c4 h6 10. Nc3 f5 11. c5 dxc5 12. exf5 gxf5 13. Re1 e4 14. Nh4
Nf6 15. f3 O-O 16. Be3 Nexd5 17. Bxc5 Rfe8 18. Qb3 b6 19. Bd4 Kh7 20. Rad1
Qe6 21. Bxf6 Nxf6 22. Qxe6 Rxe6 23. Nxf5 Rae8 24. fxe4 Kg6 25. Ng3 h5 26. h4
c5 27. Rf1 Ng4 28. Nf5 Be5 29. Nd5 Bh2+ 30. Kh1 Be5 31. Rd3 b5 32. Ra3 a6
33. Raf3 c4 34. b3 Nh2 35. bxc4 Nxf1 36. Rxf1 bxc4 37. Rc1 c3 38. g3 Bd4 39.
Nf4+ Kf6 40. Nxe6 Rxe6 41. Nxd4 Rxe4 42. Nb3 Rc4 43. Kg2 Kf5 44. Kf3 c2 45.
Nd2 Rc3+ 46. Kf2 Rd3 47. Nf1 Rd1 48. Rxc2 Ra1 49. Rc5+ Ke6 50. Rc2 a5 51.
Ne3 a4 52. Re2 Kd7 53. Nc4 Kc7 54. Ne5 a3 55. Rc2+ Kb7 56. Nc4 Rb1 57. Nxa3
Rb4 58. Rc3 Ra4 59. Rb3+ Ka7 60. Kf3 Ka8 61. Nc4 Ra5 62. Ra3 Rxa3+ 63. Nxa3
Kb7 64. Nc4 Kc7 65. Ne3 Kd7 66. Nf5 {Black forfeits on time} 1-0

[Event "ICC Open 2015"]
[Site "Internet Chess Club"]
[Date "2015.05.30"]
[Round "3"]
[White "Philidor"]
[Black "leonardoalmeida"]
[Result "1-0"]
[ICCResult "Black forfeits on time"]
[WhiteElo "2207"]
[BlackElo "1871"]
[Opening "Scandinavian (center counter) defense"]
[ECO "B01"]
[NIC "SD.01"]
[Time "19:24:42"]
[TimeControl "180+0"]

1. e4 d5 2. exd5 Qxd5 3. Nc3 Qa5 4. Bc4 Nf6 5. d3 Bg4 6. f3 Bh5 7. Bd2 Qb6
8. Bb3 c6 9. Qe2 e6 10. O-O-O Nbd7 11. g4 Bg6 12. f4 O-O-O 13. h4 h6 14. Nh3
Nc5 15. h5 Nxb3+ 16. axb3 Bh7 17. g5 Nd5 18. g6 fxg6 19. Qxe6+ Kb8 20. hxg6
Bg8 21. Qe2 Bd6 22. f5 Nxc3 23. Bxc3 Bd5 24. Rhf1 Rhe8 25. Qf2 Bc5 26. Qg3+
Ka8 27. Bxg7 Re3 28. Qg4 Bg2 29. Nf4 Bxf1 30. Rxf1 Rde8 31. Bc3 Bd4 32. g7
Bxc3 33. g8=Q Bxb2+ 34. Kxb2 Qd4+ 35. Kb1 a6 36. Q4g6 Rxg8 37. Qxg8+ Ka7 38.
Qc4 Qe5 39. f6 Qxf6 40. Qc5+ b6 41. Qxe3 a5 42. Re1 Ka6 43. Ne6 Qe7 44. Qe4
b5 45. Qxc6+ Ka7 46. Rg1 {Black forfeits on time} 1-0

[Event "ICC Open 2015"]
[Site "Internet Chess Club"]
[Date "2015.05.30"]
[Round "4"]
[White "chips"]
[Black "MoJudson"]
[Result "0-1"]
[ICCResult "White resigns"]
[WhiteElo "1047"]
[BlackElo "1799"]
[Opening "Queen's pawn game"]
[ECO "A46"]
[NIC "QP.06"]
[Time "19:31:40"]
[TimeControl "180+0"]

1. Nf3 Nf6 2. d4 c5 3. e3 cxd4 4. Nxd4 d6 5. Nf3 g6 6. g3 Bg7 7. Bg2 O-O 8.
O-O Nc6 9. Nbd2 Bg4 10. c3 Rc8 11. Qc2 a6 12. b3 Nb4 13. Bb2 Nxc2
{White resigns}
0-1

[Event "ICC Open 2015"]
[Site "Internet Chess Club"]
[Date "2015.05.30"]
[Round "4"]
[White "raja2015"]
[Black "fallingstar100"]
[Result "0-1"]
[ICCResult "White resigns"]
[WhiteElo "1388"]
[BlackElo "1502"]
[Opening "Queen's pawn game"]
[ECO "D04"]
[NIC "QP.08"]
[Time "19:31:55"]
[TimeControl "180+0"]

1. d4 d5 2. Nf3 Nf6 3. e3 Bf5 4. Bd3 Bxd3 5. Qxd3 e6 6. Nbd2 c5 7. c4 Nc6 8.
cxd5 Nxd5 9. dxc5 Bxc5 10. Qe2 Ncb4 11. Qd1 Rc8 12. a3 Nd3+ 13. Kf1 O-O 14.
g3 Bxe3 15. fxe3 Nxe3+ {White resigns} 0-1

[Event "ICC Open 2015"]
[Site "Internet Chess Club"]
[Date "2015.05.30"]
[Round "4"]
[White "Svinotigr"]
[Black "Borknagar"]
[Result "0-1"]
[ICCResult "White resigns"]
[WhiteElo "1730"]
[BlackElo "1940"]
[Opening "Réti: old Indian attack"]
[ECO "A06"]
[NIC "QP.09"]
[Time "19:31:12"]
[TimeControl "180+0"]

1. Nf3 d5 2. d3 c6 3. Nbd2 Nf6 4. e4 dxe4 5. dxe4 g6 6. Qe2 Bg7 7. g3 O-O 8.
Bg2 Bg4 9. h4 h5 10. a4 Nbd7 11. Nc4 Nb6 12. Ne3 Be6 13. a5 Nbd7 14. Ng5 Bg4
15. Nxg4 Nxg4 16. Qxg4 hxg4 {White resigns} 0-1

[Event "ICC Open 2015"]
[Site "Internet Chess Club"]
[Date "2015.05.30"]
[Round "4"]
[White "Womacka"]
[Black "Yummyhat"]
[Result "1-0"]
[ICCResult "Black resigns"]
[WhiteElo "2445"]
[BlackElo "1785"]
[Opening "Sicilian: Pelikan, Chelyabinsk variation"]
[ECO "B33"]
[NIC "SI.37"]
[Time "19:32:29"]
[TimeControl "180+0"]

1. e4 c5 2. Nf3 Nc6 3. d4 cxd4 4. Nxd4 Nf6 5. Nc3 e5 6. Ndb5 d6 7. Bg5 a6 8.
Na3 b5 9. Nd5 Be7 10. Nxe7 Qxe7 11. c4 b4 12. Nc2 O-O 13. Ne3 Be6 14. Nd5
Kh8 15. Nxe7 {Black resigns} 1-0

[Event "ICC Open 2015"]
[Site "Internet Chess Club"]
[Date "2015.05.30"]
[Round "4"]
[White "Chaos23"]
[Black "Psycho-Cowboy"]
[Result "0-1"]
[ICCResult "White resigns"]
[WhiteElo "2061"]
[BlackElo "2536"]
[Opening "Réti: Pirc-Lisitsin gambit"]
[ECO "A04"]
[NIC "HD.13"]
[Time "19:30:59"]
[TimeControl "180+0"]

1. Nf3 f5 2. e4 fxe4 3. Ng5 Nc6 4. Nxe4 d5 5. Ng3 e5 6. Bb5 Nf6 7. d4 e4 8.
c4 Bb4+ 9. Bd2 Bxd2+ 10. Nxd2 O-O 11. Bxc6 bxc6 12. h3 e3 13. fxe3 Qd6 14.
Ne2 Qe7 15. Qb3 Be6 16. Qa3 Qxa3 17. bxa3 dxc4 18. Rc1 Rab8 19. Nxc4 Ne4 20.
Rf1 Rxf1+ 21. Kxf1 Bxc4 22. Rxc4 Nd2+ {White resigns} 0-1

[Event "ICC Open 2015"]
[Site "Internet Chess Club"]
[Date "2015.05.30"]
[Round "4"]
[White "cap78red"]
[Black "ShadowLike"]
[Result "0-1"]
[ICCResult "White checkmated"]
[WhiteElo "1457"]
[BlackElo "2189"]
[Opening "English opening"]
[ECO "A21"]
[NIC "EO.23"]
[Time "19:31:58"]
[TimeControl "180+0"]

1. c4 e5 2. Nc3 Bc5 3. Nf3 d6 4. e4 Bg4 5. Be2 Nc6 6. h3 Bxf3 7. Bxf3 Nd4 8.
d3 Ne7 9. O-O O-O 10. Be3 c6 11. Bxd4 Bxd4 12. Ne2 Bb6 13. d4 Ng6 14. b4 a5
15. c5 Bc7 16. cxd6 Qxd6 17. dxe5 Qxe5 18. bxa5 Qh2# {White checkmated} 0-1

[Event "ICC Open 2015"]
[Site "Internet Chess Club"]
[Date "2015.05.30"]
[Round "4"]
[White "DarkThrone"]
[Black "FedoseevVl95"]
[Result "0-1"]
[ICCResult "White resigns"]
[WhiteElo "2444"]
[BlackElo "2991"]
[Opening "QGD"]
[ECO "D52"]
[NIC "SL.03"]
[Time "19:31:22"]
[TimeControl "180+0"]

1. d4 d5 2. c4 c6 3. Nc3 Nf6 4. Nf3 e6 5. Bg5 Nbd7 6. e3 Be7 7. cxd5 exd5 8.
Bd3 O-O 9. O-O g6 10. h3 Re8 11. Qc2 Nf8 12. Rab1 Ne6 13. Bxf6 Bxf6 14. b4
a6 15. a4 Qd6 16. b5 axb5 17. axb5 c5 18. dxc5 Nxc5 19. Nd4 Bxd4 20. exd4
Nxd3 21. Qxd3 Bf5 22. Qf3 Bxb1 23. Rxb1 Rad8 24. g3 Kg7 25. b6 Qc6 26. Rb5
Re1+ 27. Kg2 Qc4 28. Nxd5 Qf1+ {White resigns} 0-1

[Event "ICC Open 2015"]
[Site "Internet Chess Club"]
[Date "2015.05.30"]
[Round "4"]
[White "MadMad"]
[Black "hatorade"]
[Result "1-0"]
[ICCResult "Black resigns"]
[WhiteElo "1521"]
[BlackElo "1840"]
[Opening "Nimzo-Indian: 4.e3 O-O, 5.Bd3 d5"]
[ECO "E48"]
[NIC "NI.09"]
[Time "19:30:59"]
[TimeControl "180+0"]

1. d4 Nf6 2. c4 e6 3. Nc3 Bb4 4. e3 O-O 5. Bd3 d5 6. Ne2 c5 7. a3 Bxc3+ 8.
bxc3 Nc6 9. O-O dxc4 10. Bxc4 b6 11. a4 Na5 12. Bb5 c4 13. Ba3 a6 14. Bxf8
Qxf8 15. Bxc4 Nxc4 16. Qb3 Nd2 17. Qxb6 Nxf1 18. Rxf1 Nd5 19. Qc6 Qd8 20.
Qxa8 Qc7 21. Rb1 Nxc3 22. Nxc3 Qxc3 23. g3 g6 24. Rb8 {Black resigns} 1-0

[Event "ICC Open 2015"]
[Site "Internet Chess Club"]
[Date "2015.05.30"]
[Round "4"]
[White "pranav-nsk"]
[Black "sahilmd"]
[Result "0-1"]
[ICCResult "White checkmated"]
[WhiteElo "1342"]
[BlackElo "2036"]
[Opening "Queen's pawn: Torre attack"]
[ECO "A46"]
[NIC "QP.04"]
[Time "19:32:09"]
[TimeControl "180+0"]

1. d4 Nf6 2. Nf3 e6 3. Bg5 d5 4. e3 Be7 5. Bxf6 Bxf6 6. Bd3 c5 7. c3 Nc6 8.
Nbd2 c4 9. Bc2 O-O 10. O-O b5 11. Qb1 h6 12. e4 b4 13. e5 Be7 14. Re1 f5 15.
exf6 Bxf6 16. Ne5 Nxe5 17. dxe5 Bg5 18. Qd1 bxc3 19. bxc3 Qb6 20. Re2 Bd7
21. Bb1 Qb2 22. Nf3 Qxc3 23. Nxg5 hxg5 24. Re3 Qb2 25. Rh3 Qxf2+ 26. Kh1
Qf1+ 27. Qxf1 Rxf1# {White checkmated} 0-1